 Dungeon Crawl Stone Soup version 0.24.0-123-gd5b16e6ec5 (webtiles) character file.

Game seed: 2890009688665692322, levelgen mode: deterministic

232 Martska the Skirmisher (level 6, -1/66 HPs)
             Began as an Ogre Hunter on Feb 7, 2020.
             Was an Initiate of Trog.
             Slain by a worker ant (7 damage)
             ... on level 3 of the Dungeon.
             The game lasted 00:11:52 (4746 turns).

Martska the Skirmisher (Ogre Hunter)                Turns: 4746, Time: 00:11:53

Health: -1/66      AC:  4    Str: 17    XL:     6   Next: 4%
Magic:  6/6        EV: 10    Int: 12    God:    Trog [......]
Gold:   270        SH:  0    Dex: 11    Spells: 5/5 levels left

rFire    . . .     SeeInvis .   l - +0 club
rCold    . . .     Gourm    .   (no shield)
rNeg     . . .     Faith    .   b - +0 robe
rPois    .         Spirit   .   (helmet restricted)
rElec    .         Reflect  .   q - +0 cloak
rCorr    .         Harm     .   (gloves unavailable)
MR       .....                  (boots unavailable)
Stlth    +.........             f - amulet of regeneration
HPRegen  0.61/turn              (no ring)
MPRegen  0.10/turn              (no ring)

@: lethally poisoned (-1 -> -1)
A: large, unfitting armour, tough skin 1
a: Renounce Religion


You were on level 3 of the Dungeon.
You worshipped Trog.
Trog was noncommittal.
You were not hungry.

You visited 1 branch of the dungeon, and saw 4 of its levels.

You collected 270 gold pieces.

Inventory:

Hand Weapons
 a - a +0 short sword
 l - a +0 club (weapon)
Missiles
 j - 58 bolts
Armour
 b - a +0 robe (worn)
 q - a +0 cloak (worn)
 r - a +0 pair of gloves
Jewellery
 f - an amulet of regeneration (around neck)
Wands
 x - a wand of scattershot (5)
Scrolls
 c - a scroll of fear {unknown}
 g - 7 scrolls of identify
 k - a scroll of amnesia
 m - a scroll of teleportation
 p - a scroll of noise {unknown}
 s - a scroll of enchant armour {unknown}
 v - 2 scrolls of remove curse {unknown}
Potions
 h - a potion of magic {unknown}
 n - 2 potions of brilliance {unknown}
 o - a potion of ambrosia {unknown}
 t - a potion of berserk rage {unknown}
Comestibles
 u - a ration


   Skills:
 * Level 5.0 Fighting
 * Level 2.3 Maces & Flails
 + Level 4.8 Throwing
 + Level 2.8 Dodging
 - Level 1.0 Stealth


You had 5 spell levels left.
You didn't know any spells.
Your spell library was empty.

Dungeon Overview and Level Annotations

Branches:
Dungeon (4/15)
 Temple: D:4-7

Altars:
Sif Muna
Trog
Yredelemnul

Annotations:
D:4 Sigmund


Innate Abilities, Weirdness & Mutations

You are too large for most types of armour.
You have tough skin. (AC +1)


Message History

* * * LOW HITPOINT WARNING * * *
You are more poisoned.
The worker ant poisons you! The worker ant barely misses you.
You closely miss the worker ant.
The worker ant is heavily wounded.
You feel sick. The worker ant bites you.
* * * LOW HITPOINT WARNING * * *
You hit the worker ant.
The worker ant is almost dead.
You feel sick. The worker ant bites you.
* * * LOW HITPOINT WARNING * * *
The worker ant misses you.
You closely miss the worker ant.
The worker ant is almost dead.
You feel sick.
The worker ant bites you but does no damage.
You hit the worker ant but do no damage.
The worker ant is almost dead.
You feel sick. The worker ant barely misses you. The worker ant bites you!
You die...

.#...♣..♣.♣♣..PPP.♣......PP.P..♣.
.#.§..♣.♣.♣.♣♣♣P.♣♣.P.8P♣.♣..§§♣.
...♣§♣♣.♣.♣..♣P♣..♣.♣P♣♣.♣♣♣.♣...
.§PP§)..♣....♣..PP♣..♣....P..PP♣♣
.♣..♣P♣..♣...PP♣..♣♣♣..♣♣♣..§.♣≈♣
...P§§♣..♣).#♣..♣♣.#P♣..##♣♣..♣♣#
##..♣§♣.P.#.#.♣P.##.....##.PP..<.
##......##.............#.....#..
###...........@a........##.....
#..................#####.....
#..................# ####.#
#..................# #..
#..).......######### ###
############


You could see a worker ant.

Vanquished Creatures
  A howler monkey (D:3)
  A worker ant (D:4)
  5 adders
  2 gnolls (D:3)
  3 oozes
  4 worms
  3 dart slugs
  3 leopard geckos
  A ball python (D:2)
  8 bats
  2 giant cockroaches
  3 goblins
  15 hobgoblins
  6 jackals
  2 kobolds (D:2)
  4 quokkas (D:3)
  2 frilled lizards
  9 rats
74 creatures vanquished.

Vanquished Creatures (others)
  2 plants (D:3)
2 creatures vanquished.

Grand Total: 76 creatures vanquished

Notes
Turn   | Place    | Note
-------+----------+-------------------------------------------
     0 | D:1      | Martska the Ogre Hunter began the quest for the Orb.
     0 | D:1      | Reached XP level 1. HP: 22/22 MP: 1/1
   110 | D:1      | Reached XP level 2. HP: 9/29 MP: 2/2
   626 | D:1      | Reached skill level 3 in Fighting
   626 | D:1      | Reached skill level 1 in Stealth
  1208 | D:2      | Reached XP level 3. HP: 37/37 MP: 3/3
  2053 | D:2      | HP: 1/39 [adder (1)]
  2054 | D:2      | Reached XP level 4. HP: 2/48 MP: 4/4
  2569 | D:2      | Reached skill level 4 in Fighting
  2569 | D:2      | Reached skill level 1 in Maces & Flails
  3567 | D:3      | Found a bloodstained altar of Trog.
  3594 | D:3      | Became a worshipper of Trog the Wrathful
  3607 | D:3      | Reached XP level 5. HP: 54/54 MP: 5/5
  3679 | D:3      | Found a basalt altar of Yredelemnul.
  3679 | D:3      | Found a shimmering blue altar of Sif Muna.
  4273 | D:4      | Noticed Sigmund
  4351 | D:3      | Reached skill level 5 in Fighting
  4351 | D:3      | Reached XP level 6. HP: 47/66 MP: 6/6
  4379 | D:3      | HP: 1/66 [worker ant (7)]
  4746 | D:3      | Slain by a worker ant

Levels and vault maps discovered:
D:1:      wander_arrival_lonely_grave, layout_basic, chequers_jeans
D:2:      layout_loops_ring, chequers_serial_rivers_marsh
D:3:      wad_woods_tower, layout_basic, gammafunk_temple_overflow_elements,
          old_standard_altar
D:4:      layout_basic, lemuel_crystal_altar, nicolae_ru_awakened_eye,
          nicolae_overflow_crystal_walls, uniq_sigmund

Skill      XL: |  1  2  3  4  5 |
---------------+----------------+-----
Fighting       | 3 4 5 |  5.0
Dodging        | 2 |  2.8
Stealth        | 1 |  1.0
Maces & Flails | 1 2 |  2.3
Throwing       | |  4.8

Action                   |  1- 3 |  4- 6 || total
-------------------------+-------+-------++-------
Melee: Short sword       |    51 |       ||    51
       Club              |    70 |   278 ||   348
Throw: Large rock        |    19 |    14 ||    33
       Throwing net      |       |     2 ||     2
  Use: Potion            |     1 |     2 ||     3
       Scroll            |       |     5 ||     5
 Stab: Sleeping          |       |     2 ||     2
  Eat: Chunk             |     2 |     2 ||     4
       Ration            |     1 |     2 ||     3
Armor: Robe              |    59 |    95 ||   154
Dodge: Dodged            |   119 |   174 ||   293
